Map: Gresvan LE

Players

winzboy

  • Race: Protoss Protoss
  • League: Gold
  • Spawn Location: 5:00

星际老秃瓢 - Winner!

  • Race: Protoss Protoss
  • Spawn Location: 11:00

VOD

Have the link to the VOD?

Description

Time

  • Played on: May 29, 2023, 4:05 a.m.
  • Length: 12:17
Show
View Real Time Build Order
Export as new Build Order

winzboy Protoss 

Build Orders: 1 Gate Expand 

Get SALT Encoding   

  12  0:01  Probe  
  13  0:15  Pylon  
  13  0:22  Probe  
  14  0:34  Gateway  
  14  0:39  Assimilator  
  14  0:54  Probe (Chrono Boost)  
  16  1:04  Probe (Chrono Boost)  
  16  1:09  Probe (Chrono Boost)  
  17  1:20  Probe  
  17  1:21  Cybernetics Core  
  18  1:36  Nexus  
  18  1:58  Assimilator  
  18  2:05  Warp Gate (Chrono Boost)  
  18  2:08  Assimilator  
  18  2:11  Probe  
  18  2:15  Adept (Chrono Boost)  
  21  2:23  Probe  
  22  2:36  Probe  
  23  2:48  Probe x2  
  25  2:56  Stalker (Chrono Boost)  
  25  2:57  Pylon  
  27  3:00  Probe x2  
  29  3:12  Probe  
  30  3:13  Probe  
  31  3:21  Stalker (Chrono Boost)  
  31  3:24  Probe  
  31  3:26  Probe, Pylon  
  35  3:28  Robotics Facility  
  35  3:34  Assimilator  
  35  3:38  Probe (Chrono Boost)  
  35  3:39  Probe (Chrono Boost)  
  38  3:50  Probe (Chrono Boost)  
  38  3:53  Probe (Chrono Boost)  
  38  3:54  Pylon  
  39  3:58  Gateway  
  39  4:00  Gateway  
  39  4:01  Probe  
  40  4:06  Probe  
  41  4:13  Probe  
  42  4:18  Probe  
  43  4:25  Probe  
  43  4:31  Observer  
  45  4:37  Stalker  
  47  4:43  Assimilator  
  47  4:44  Probe (Chrono Boost)  
  47  4:45  Probe (Chrono Boost)  
  50  4:54  Probe x2 (Chrono Boost)  
  50  4:55  Pylon  
  50  4:57  Twilight Council  
  50  4:58  Probe (Chrono Boost)  
  50  4:59  Probe (Chrono Boost)  
  53  5:11  Probe  
  53  5:12  Stalker  
  53  5:13  Stalker x2  
  60  5:23  Pylon  
  60  5:24  Gateway  
  60  5:29  Forge  
  60  5:30  Shield Battery  
  60  5:32  Immortal  
  64  5:44  Stalker  
  64  5:45  Stalker  
  68  5:55  Gateway  
  68  5:57  Charge (Chrono Boost)  
  68  5:58  Gateway x2  
  68  6:01  Gateway  
  68  6:02  Gateway  
  68  6:04  Gateway  
  69  6:11  Observer  
  69  6:12  Zealot x2  
  69  6:13  Zealot  
  75  6:37  Forge  
  75  6:44  Shield Battery  
  75  6:45  Pylon  
  75  6:48  Pylon  
  75  6:50  Pylon  
  75  6:53  Pylon  
  59  7:04  Gateway  
  52  7:09  Zealot x2  
  52  7:10  Zealot x3  
  52  7:11  Zealot  
  52  7:12  Zealot x2  
  43  7:32  Stalker x3  
  43  7:33  Stalker  
  49  7:49  Probe (Chrono Boost)  
  49  7:50  Probe (Chrono Boost)  
  52  8:00  Probe x2 (Chrono Boost)  
  52  8:05  Probe (Chrono Boost)  
  54  8:33  Zealot x2  
  54  8:34  Zealot x2  
  60  8:35  Zealot x3  
  60  8:37  Zealot  
  60  8:40  Probe (Chrono Boost)  
  71  8:50  Probe (Chrono Boost)  
  71  8:53  Probe (Chrono Boost)  
  71  8:55  Probe (Chrono Boost)  
  73  9:02  Protoss Ground Weapons Level 1 (Chrono Boost)  
  74  9:15  Pylon  
  74  9:18  Zealot x2  
  74  9:19  Zealot x2  
  74  9:20  Zealot  
  84  9:35  Templar Archives  
  84  9:36  Probe x2  
  86  9:43  Zealot x2  
  86  9:45  Zealot  
  92  9:48  Probe  
  93  10:01  Stalker x2  
  93  10:02  Stalker  
  99  10:21  High Templar x3  
  101  10:22  High Templar x2  
  109  10:35  Archon x2  
  89  10:37  High Templar x3  
  37  10:57  Zealot x3  
  37  10:58  Zealot x2  
  37  11:01  Immortal  
  51  11:08  Robotics Bay  
  51  11:10  Nexus  
  51  11:14  High Templar x2  
  51  11:15  High Templar  
  56  11:23  Zealot x2  
  60  11:28  Zealot  
  60  11:30  Zealot  
  64  11:37  High Templar  
  66  11:44  Zealot x2  
  70  12:01  Zealot x3  
  68  12:02  Zealot  
Show
View Real Time Build Order
Export as new Build Order

星际老秃瓢 Protoss - Winner!

Build Orders: Zealot Archon, Dark Templar Rush 

Get SALT Encoding   

  12  0:00  Probe  
  13  0:12  Probe  
  14  0:23  Pylon  
  14  0:24  Probe  
  15  0:36  Assimilator  
  15  0:39  Assimilator  
  15  0:41  Probe  
  16  0:50  Gateway  
  16  0:55  Probe (Chrono Boost)  
  17  1:07  Probe (Chrono Boost)  
  18  1:15  Probe (Chrono Boost)  
  19  1:21  Probe  
  20  1:31  Pylon  
  20  1:33  Probe  
  21  1:46  Probe  
  22  1:52  Nexus  
  22  2:03  Cybernetics Core  
  22  2:06  Probe  
  23  2:24  Probe  
  23  2:29  Gateway  
  24  2:42  Adept  
  26  2:46  Probe  
  27  2:57  Pylon, Warp Gate  
  28  2:58  Probe (Chrono Boost)  
  28  3:01  Twilight Council  
  29  3:10  Probe x2 (Chrono Boost)  
  30  3:16  Probe (Chrono Boost)  
  30  3:18  Probe (Chrono Boost)  
  30  3:19  Gateway  
  32  3:23  Adept  
  34  3:27  Sentry  
  34  3:28  Probe  
  34  3:31  Probe  
  38  3:42  Dark Shrine  
  38  3:43  Probe  
  38  3:47  Gateway  
  39  3:57  Adept x2  
  39  4:00  Probe x2  
  45  4:12  Probe x2  
  45  4:14  Resonating Glaives  
  47  4:24  Probe  
  47  4:25  Probe  
  49  4:32  Assimilator  
  49  4:36  Probe  
  50  4:40  Probe  
  50  4:43  Gateway  
  50  4:45  Gateway  
  51  4:47  Gateway  
  51  4:49  Pylon  
  51  4:52  Probe  
  52  5:02  Nexus  
  52  5:05  Pylon  
  52  5:18  Dark Templar  
  52  5:19  Dark Templar  
  52  5:21  Dark Templar x2  
  60  5:40  Pylon  
  60  5:43  Probe  
  60  5:46  Assimilator  
  61  5:50  Dark Templar x2  
  61  5:51  Dark Templar  
  67  5:57  Nexus  
  67  6:03  Pylon  
  67  6:05  Forge  
  67  6:08  Forge  
  67  6:13  Pylon  
  67  6:14  Adept x2  
  67  6:15  Adept  
  73  6:24  Probe  
  74  6:31  Adept x4  
  70  7:03  Probe  
  70  7:04  Probe x2  
  70  7:07  Dark Templar x3  
  70  7:08  Dark Templar x2  
  81  7:12  Assimilator  
  81  7:15  Probe, Assimilator  
  72  7:37  Probe x2  
  72  7:39  Protoss Ground Weapons Level 1 (Chrono Boost)  
  72  7:40  Protoss Ground Armor Level 1 (Chrono Boost), Archon x2  
  72  7:44  Zealot x5  
  72  7:45  Zealot x2  
  72  7:50  Charge  
  84  7:51  Probe  
  84  7:56  Probe  
  84  7:57  Probe, Photon Cannon  
  87  7:59  Pylon  
  87  8:00  Probe  
  87  8:04  Probe  
  89  8:09  Probe x2  
  89  8:12  Probe  
  92  8:16  Probe  
  92  8:17  Stalker  
  92  8:18  Stalker x2  
  99  8:21  Probe  
  98  8:45  Zealot  
  98  8:46  Zealot x5  
  98  8:47  Zealot  
  112  8:51  Probe  
  113  8:58  Nexus  
  113  9:10  Pylon  
  113  9:17  Protoss Shields Level 1 (Chrono Boost)  
  113  9:20  Protoss Ground Armor Level 2 (Chrono Boost)  
  113  9:30  Gateway  
  113  9:32  Gateway  
  113  9:33  Gateway  
  113  9:41  Zealot x3  
  113  9:42  Zealot x4  
  127  9:48  Nexus  
  125  10:03  Probe  
  125  10:04  Probe x2  
  128  10:14  Probe  
  129  10:17  Nexus  
  128  10:23  Stalker  
  128  10:25  Nexus  
  128  10:27  Pylon  
  127  10:33  Zealot x3  
  127  10:34  Zealot x4  
  127  10:35  Zealot x2  
  124  10:48  Probe  
  124  10:49  Probe x4  
  123  10:56  Stalker x5  
  123  10:57  Stalker  
  135  11:00  Probe  
  135  11:01  Probe x3  
  135  11:03  Probe  
  140  11:42  Nexus  
  140  11:44  Pylon  
  140  11:54  Stalker x5  
  142  11:55  Stalker x4  
  142  11:56  Stalker  
Tags
 
Composition
Zealot Archon
League
Gold
Matchup
PvP
Replay Pack
Multiplayer
Spawn Locations
Cross Positions
Add a new tag
Caveats
  • Supply blocks, unpowered buildings, or Contaminate may cause inaccurate times.
  • Supply counts are checked every 10 seconds.